 Dungeon Crawl Stone Soup version 0.31-a0-1591-g515db51633 (webtiles) character file.

Game seed: 869969309733568088

477 yokelz the Skirmisher (level 6, -2/37 HPs)
             Began as a Deep Elf Hunter on Jan 6, 2024.
             Was a Follower of Okawaru.
             Slain by a water moccasin (3 damage)
             ... on level 5 of the Dungeon.
             The game lasted 00:06:35 (3719 turns).

yokelz the Skirmisher (Deep Elf Hunter)             Turns: 3719, Time: 00:06:36

Health: -2/37      AC:  6    Str:  8    XL:     6   Next: 85%
Magic:  8/8        EV: 12    Int: 14    God:    Okawaru [*.....]
Gold:   171        SH:  0    Dex: 20    Spells: 5/5 levels left

rFire   . . .        a - +0 shortbow
rCold   . . .        (shield currently unavailable)
rNeg    . . .        t - +0 ring mail
rPois   .            s - +0 helmet
rElec   .            (no cloak)
rCorr   .            (no gloves)
SInv    .            (no boots)
Will    +....        (no amulet)
Stlth   +            r - ring of willpower
HPRegen 0.26/turn    (no ring)
MPRegen 0.11/turn

%: no passive effects
@: lethally poisoned (-2 -> -8)
A: no striking features
a: Renounce Religion, Heroism


You were on level 5 of the Dungeon.
You worshipped Okawaru.
Okawaru was aware of your devotion.
You visited 2 branches of the dungeon, and saw 6 of its levels.

You collected 171 gold pieces.

Inventory:

Hand Weapons
 a - a +0 shortbow (weapon)
Missiles
 o - a throwing net
 p - 7 atropa-tipped darts
 v - 3 poisoned darts
Armour
 c - a +0 leather armour
 s - a +0 helmet (worn)
 t - a +0 ring mail (worn)
Jewellery
 r - a ring of willpower (left hand)
Scrolls
 b - a scroll of butterflies
 d - a scroll of enchant weapon {unknown}
 e - 2 scrolls of fog {unknown}
 g - a scroll of enchant armour {unknown}
 h - a scroll of torment {unknown}
 k - a scroll of amnesia {unknown}
 n - 2 scrolls of teleportation {unknown}
 q - a scroll of acquirement {unknown}
Potions
 f - a potion of mutation {unknown}
 i - 2 potions of attraction {unknown}
 j - a potion of ambrosia {unknown}
 l - 2 potions of enlightenment {unknown}
 m - 2 potions of magic {unknown}
 u - a potion of curing


   Skills:
 + Level 3.3 Fighting
 * Level 8.6 Ranged Weapons
 + Level 4.8 Dodging
 - Level 1.2 Stealth


You had 5 spell levels left.
You didn't know any spells.
Your spell library contained the following spells:

 Spells                   Type           Power      Damage    Failure   Level
 Apportation              Tloc           0%         N/A       65%         1
 Necrotise                Necr           0%         1d4       65%         1
 Slow                     Hex            0%         N/A       65%         1
 Sting                    Conj/Alch      0%         1d3       65%         1
 Confusing Touch          Hex            0%         N/A       95%         3
 Sigil of Binding         Hex            0%         N/A       95%         3
 Vampiric Draining        Necr           0%         2d6       95%         3
 Summon Small Mammal      Summ           Unusable   N/A       N/A         1
 Summon Ice Beast         Ice/Summ       Unusable   N/A       N/A         3
 Summon Mana Viper        Hex/Summ       Unusable   N/A       N/A         5
 Monstrous Menagerie      Summ           Unusable   N/A       N/A         7

Dungeon Overview and Level Annotations

Branches:
Dungeon (5/15)             Temple (1/1) D:4

Altars:
Ashenzari
Dithmenos
Elyvilon
Fedhas
Hepliaklqana
Kikubaaqudgha
Makhleb
Nemelex Xobeh
Okawaru
Qazlal
Ru
Trog
Vehumet
Wu Jian
Yredelemnul
The Shining One


Message History

You shoot an arrow. The arrow misses the water moccasin.
You feel sick. The water moccasin barely misses you.
The water moccasin bites you.
Unknown command.
Unknown command.
Unknown command.
You shoot an arrow.
The arrow closely misses the water moccasin.
You feel sick. The water moccasin closely misses you.
Unknown command.
You shoot an arrow. The arrow hits the water moccasin.
The water moccasin is moderately wounded.
You feel sick.
The water moccasin closely misses you. x2
Unknown command.
You shoot an arrow. The arrow hits the water moccasin!
The water moccasin is severely wounded.
You feel sick.
The water moccasin completely misses you.
The water moccasin bites you.
You are too injured to fight recklessly!
You shoot an arrow. The arrow hits the water moccasin.
The water moccasin is severely wounded.
You feel sick.
You are no longer poisoned.
The water moccasin bites you.
* * * LOW HITPOINT WARNING * * *
You shoot an arrow.
The arrow hits the water moccasin but does no damage.
The water moccasin is severely wounded.
The water moccasin bites you.
* * * LOW HITPOINT WARNING * * *
You are lethally poisoned!
The water moccasin poisons you! The water moccasin closely misses you.
You shoot an arrow. The arrow hits the water moccasin.
The water moccasin is severely wounded.
* * * LOW HITPOINT WARNING * * *
You feel very sick. The water moccasin bites you.
* * * LOW HITPOINT WARNING * * *
The water moccasin bites you.
You die...

##. ##... #.....
#.....# .. ##....#
#.# ##.S.# #.#
###.@.# #######.#
###....##
.....##.###.....##
.....##........##
.....##......###
.....##....###
........####
.....#.##
######.##


You could see a water moccasin.

Vanquished Creatures
  An ogre (D:4)
  A bullfrog (D:5)
  2 scorpions
  A bombardier beetle (D:4)
  A hound (D:4)
  5 adders
  3 dart slugs
  3 ribbon worms
  9 orcs
  7 endoplasms
  3 giant cockroaches (D:2)
  9 goblins
  5 hobgoblins
  5 jackals
  7 quokkas
  7 ball pythons
  6 bats
  A frilled lizard (D:2)
  7 kobolds
  6 rats
89 creatures vanquished.

Notes
Turn   | Place    | Note
-------+----------+-------------------------------------------
     0 | D:1      | yokelz the Deep Elf Hunter began the quest for the Orb.
     0 | D:1      | Reached XP level 1. HP: 12/12 MP: 3/3
   169 | D:1      | Reached XP level 2. HP: 17/17 MP: 4/4
   693 | D:1      | Reached skill level 6 in Ranged Weapons
   952 | D:2      | Found a blossoming altar of Fedhas.
   955 | D:2      | Reached XP level 3. HP: 21/21 MP: 5/5
  1251 | D:2      | Reached XP level 4. HP: 24/26 MP: 6/6
  2362 | D:4      | Noticed an ogre
  2471 | D:4      | Killed an ogre
  2472 | D:4      | Reached skill level 7 in Ranged Weapons
  2472 | D:4      | Reached XP level 5. HP: 31/31 MP: 7/7
  2752 | D:4      | Found a staircase to the Ecumenical Temple.
  2779 | Temple   | Entered the Ecumenical Temple
  2810 | Temple   | Became a worshipper of Warmaster Okawaru
  3176 | D:4      | Reached skill level 8 in Ranged Weapons
  3176 | D:4      | Reached XP level 6. HP: 28/37 MP: 8/8
  3607 | D:5      | Entered Level 5 of the Dungeon
  3688 | D:5      | Reached * piety under Okawaru
  3705 | D:5      | Noticed a water moccasin
  3719 | D:5      | HP: 1/37 [water moccasin (2)]
  3719 | D:5      | Slain by a water moccasin

Illustrated notes

Levels and vault maps discovered:
D:1:      amcnicky_arrival_gap_in_the_tavern_cellar, layout_loops_ring,
          nicolae_hexahallways, corexii_corridor_pit,
          hangedman_decor_peaks_small, nrook_loot_triangle
D:2:      layout_basic, basic_altar, amcnicky_mini_pool_small
D:3:      layout_loops_corners
D:4:      layout_loops_corners, minmay_temple_entry_arrows
D:5:      layout_basic, serial_curves, eino_curves_01, eino_curves_02,
          kennysheep_cluttered_room, nrook_mini_vaults, nzn_random_ring,
          uniq_edmund
Temple:   regret_index_temple_sphere_string

Skill      XL: |  1  2  3  4  5 |
---------------+----------------+-----
Ranged Weapons | 6 7 8 |  8.6
Dodging        | 3 4 |  4.8
Fighting       | 2 3 |  3.3
Stealth        | |  1.2

Action                     |  1- 3 |  4- 6 || total
---------------------------+-------+-------++-------
   Fire: Shortbow          |   108 |   198 ||   306
    Use: Potion            |       |     2 ||     2
 Armour: Leather armour    |    15 |    49 ||    64
         Ring mail         |       |    14 ||    14
  Dodge: Dodged            |    22 |    56 ||    78

Table legend: (Time is in decaauts)
 A = Elapsed time spent in this place.
 B = Non-inter-level travel time spent in this place.
 C = Inter-level travel time spent in this place.
 D = Time resting spent in this place.
 E = Time spent auto-exploring this place.
 F = Levels seen in this place.
 G = Mean time per level.
                   A        B        C        D        E       F      G
               +--------+--------+--------+--------+--------+-----+--------+
         Total |   3757 |   3540 |    217 |    291 |   2593 |   6 |  626.2 |
       Dungeon |   3623 |   3406 |    217 |    231 |   2593 |   5 |  724.6 |
        Temple |    133 |    133 |      0 |     60 |      0 |   1 |  133.0 |
               +--------+--------+--------+--------+--------+-----+--------+

Top non-repeatable levels by time:
     D:4: 1041 daAuts
     D:3: 1013 daAuts
     D:1: 959 daAuts
     D:2: 493 daAuts
  Temple: 133 daAuts
     D:5: 115 daAuts
